 Dungeon Crawl Stone Soup version 0.20.0-15-g7f486f2 (webtiles) character file.

167658 asdasd2 the Slayer (level 17, -7/179 HPs)
             Began as a Minotaur Fighter on June 10, 2017.
             Was the Champion of Okawaru.
             Mangled by the 26-headed Lernaean hydra (9 damage)
             ... on level 4 of the Swamp.
             The game lasted 01:11:22 (31319 turns).

asdasd2 the Slayer (Minotaur Fighter)              Turns: 31319, Time: 01:11:24

Health: -7/179     AC: 25    Str: 26    XL:     17   Next: 7%
Magic:  15/17      EV: 14    Int:  7    God:    Okawaru [******]
Gold:   655        SH:  0    Dex: 15    Spells: 16/16 levels left

rFire    + . .     SeeInvis .   M - +0 scimitar (flame)
rCold    . . .     Gourm    .   (no shield)
rNeg     . . .     Faith    .   D - +0 plate armour
rPois    +         Spirit   .   (helmet restricted)
rElec    .         Reflect  .   T - scarf of Cata {rF+}
rCorr    .         Harm     .   m - +1 pair of gloves
MR       +....                  Y - +1 pair of boots {Stlth+}
Stlth    +.........             (no amulet)
Regen    0.4/turn               d - +2 ring of slaying
MPRegen  0.2/turn               A - ring of the Demon Prince {rPois Int+2 Dex+3 Stlth+}

@: heroism
A: retaliatory headbutt, horns 2
}: 1/15 runes: decaying
a: Heroism, Finesse, Renounce Religion


You were on level 4 of the Swamp.
You worshipped Okawaru.
Okawaru was exalted by your worship.
You were full.

You visited 5 branches of the dungeon, and saw 28 of its levels.

You collected 2979 gold pieces.
You spent 2324 gold pieces at shops.

Inventory:

Hand Weapons
 b - the +1 battleaxe "Tiyrchakk" {venom, +Inv Str+3 Int-2}
   (Okawaru gifted it to you on level 12 of the Dungeon)

   It poisons the flesh of those it strikes.
   It affects your strength (+3).
   It affects your intelligence (-2).
   It lets you turn invisible.
 o - the +3 battleaxe of the Wraith {chop, rF+ Dex+4}
   (You took it off a necromancer on level 3 of the Swamp)

   It inflicts extra damage upon your enemies.
   It affects your dexterity (+4).
   It protects you from fire.
 p - a +3 war axe of chopping
 C - a +7 executioner's axe of freezing
 K - a +3 battleaxe of chopping
 L - a +6 vampiric battleaxe
 M - a +0 scimitar of flaming (weapon)
 O - a +1 broad axe of freezing
Armour
 c - a +0 shield
 m - a +1 pair of gloves (worn)
 D - a +0 plate armour (worn)
 T - the scarf of Cata (worn) {rF+}
   (Okawaru gifted it to you on level 13 of the Dungeon)

   It protects you from fire.
 Y - a +1 pair of boots of stealth (worn)
Jewellery
 a - an uncursed ring of protection from cold
 d - a +2 ring of slaying (left hand)
 i - a +2 ring of intelligence
 x - the ring "Licyawefi" {*Slow +Blink rF+ rC+ Str+6}
   (You bought it in a shop on level 2 of the Orcish Mines)

   [ring of protection from fire]

   It affects your strength (+6).
   It protects you from fire.
   It protects you from cold.
   It lets you blink.
   It may slow you when you take damage.
 A - the ring of the Demon Prince (right hand) {rPois Int+2 Dex+3 Stlth+}
   (You found it on level 6 of the Dungeon)

   [ring of poison resistance]

   It affects your intelligence (+2).
   It affects your dexterity (+3).
   It protects you from poison.
   It makes you more stealthy.
 H - a cursed ring of protection from magic
 Q - an uncursed amulet of regeneration
Wands
 J - a wand of polymorph (14/24)
 R - a wand of disintegration (9/24)
 W - a wand of disintegration (7/24)
Scrolls
 h - 10 scrolls of remove curse
 j - 7 scrolls of teleportation
 l - a scroll of blinking
 q - 6 scrolls of enchant armour
 t - 5 scrolls of fear
 y - 5 scrolls of identify
 G - 6 scrolls of recharging
 N - 4 scrolls of magic mapping
 S - 2 scrolls of fog
Potions
 e - 3 potions of heal wounds
 n - 4 potions of magic
 r - 9 potions of curing
 s - 6 potions of haste
 v - 6 potions of ambrosia
 z - 3 potions of brilliance
 B - 5 potions of invisibility
 E - 2 potions of mutation
 F - 2 potions of berserk rage
 I - a potion of cancellation
 P - 3 potions of flight
 U - 2 potions of agility
 V - 4 potions of resistance
 X - 4 potions of might
Comestibles
 f - 13 bread rations
 g - 12 meat rations


   Skills:
 * Level 23.0(27) Fighting
 + Level 20.2(25.2) Axes
 + Level 15.7(20.7) Armour
 + Level 4.2(9.2) Dodging
 - Level 3.6(8.6) Shields
 + Level 2.6 Invocations


You had 16 spell levels left.
You didn't know any spells.

Dungeon Overview and Level Annotations

Branches:
Dungeon (15/15)            Temple (1/1) D:4            Lair (6/6) D:11
  Swamp (4/4) Lair:3        Snake (0/4) Lair:2        Slime (0/5) Lair:6
    Orc (2/2) D:9             Elf (0/3) Orc:2        Vaults (0/5) D:14
 Depths (0/5) D:15

Altars:
Ashenzari
Cheibriados
Dithmenos
Elyvilon
Fedhas
Gozag
Hepliaklqana
Kikubaaqudgha
Makhleb
Nemelex Xobeh
Okawaru
Qazlal
Ru
Sif Muna
Trog
Uskayaw
Vehumet
Xom
Yredelemnul
Zin
The Shining One
Jiyva

Shops:
D:15 [   Orc:1 %   Orc:2 **!*=

Portals:
Trove: D:11 (give 14 potions of curing)

Annotations:
Swamp:2 exclusion: Roxanne, Roxanne
Swamp:4 Lernaean hydra


Innate Abilities, Weirdness & Mutations

You reflexively headbutt those who attack you in melee.
You have a pair of horns on your head.


Message History

The 26-headed Lernaean hydra barely misses you.
The 26-headed Lernaean hydra bites you but does no damage.
The 26-headed Lernaean hydra bites you!
* * * LOW HITPOINT WARNING * * *
The 26-headed Lernaean hydra bites you.
* * * LOW HITPOINT WARNING * * *
The 26-headed Lernaean hydra bites you but does no damage. x4
The 26-headed Lernaean hydra bites you!
* * * LOW HITPOINT WARNING * * *
The 26-headed Lernaean hydra bites you but does no damage. x3
The 26-headed Lernaean hydra barely misses you.
The 26-headed Lernaean hydra bites you.
* * * LOW HITPOINT WARNING * * *
The 26-headed Lernaean hydra bites you but does no damage.
The 26-headed Lernaean hydra bites you.
* * * LOW HITPOINT WARNING * * *
The 26-headed Lernaean hydra bites you but does no damage. x6
The 26-headed Lernaean hydra barely misses you.
The 26-headed Lernaean hydra bites you!
You die...

..≈..<..♣♣ ♣≈♣♣
≈≈≈.÷.≈≈.♣♣ ♣♣$.♣♣♣♣♣♣♣
≈≈≈≈.≈≈≈≈≈♣♣♣♣♣..≈≈.§...♣
≈≈...≈.....♣♣...≈≈≈≈....♣
.≈≈...♣.≈≈≈.♣≈.≈≈≈≈≈§...♣
≈≈≈≈≈.≈♣≈≈≈≈.♣.≈≈≈≈≈≈≈≈≈.
≈≈≈≈≈≈.♣♣♣..♣♣.≈.≈≈≈≈≈≈≈≈
≈≈≈≈≈≈.. ≈♣♣♣≈...≈≈≈≈≈≈≈
..♣.≈≈.♣♣ ♣♣.≈.@♣♣♣≈i≈≈≈
≈≈....♣♣ ♣.≈≈D♣ ≈≈≈≈
≈≈≈..♣♣ ♣≈≈..♣ ≈≈≈ ≈≈.♣♣♣
♣≈.≈♣♣ ≈. .≈.♣ ♣♣D♣ ≈ ..♣
≈≈≈ ≈≈≈≈≈ ≈≈≈≈


You could see the 26-headed Lernaean hydra and a six-headed hydra.

Vanquished Creatures
  The ghost of Inarius the Warrior, an adept DrAE of Hepliaklqana (Swamp:3)
  Frances (D:13)
  2 thorn hunters (Swamp:4)
  Agnes (D:14)
  Kirke (D:14)
  A fire giant (D:15)
  Nessos (D:12)
  The ghost of Nicoed the Geomancer, a journeyman OpEE of Sif Muna (D:12)
  A fire dragon (Lair:6)
  Fannar (Lair:2)
  The ghost of armaa the Covert, a journeyman OpTm of Cheibriados (Lair:3)
  2 ghost crabs (Swamp:3)
  4 vault guards (D:14)
  14 hydras
  4 centaur warriors
  4 two-headed ogres
  11 death yaks (Lair:6)
  5 alligators
  5 orc high priests
  Sonja (D:13)
  A fire crab (Lair:6)
  9 skeletal warriors
  7 swamp dragons
  4 spriggan druids (Swamp:3)
  A death drake (Swamp:3)
  An unseen horror (D:13)
  5 spectral hydras (Swamp:3)
  2 lindwurms (Swamp:4)
  5 orc knights
  A necromancer (Swamp:3)
  A shambling mangrove (Swamp:4)
  A wolf spider zombie (D:14)
  7 orc sorcerers
  3 cyclopes
  10 ugly things
  3 deep elf magi
  2 manticores
  10 elephants
  8 black mambas
  3 molten gargoyles (Lair:6)
  27 spiny frogs
  5 centaur skeletons
  4 swamp worm zombies (Swamp:3)
  11 komodo dragons
  A kobold demonologist (D:15)
  10 gargoyles
  A komodo dragon (shapeshifter) (D:14)
  7 rime drakes
  3 efreet
  The ghost of murphy the Chopper, an amateur DDFi (D:8)
  8 hornets
  7 trolls
  A polar bear (Lair:4)
  A tyrant leech (Swamp:4)
  A spectral swamp dragon (Swamp:3)
  8 bog bodies
  3 alligator zombies (Swamp:3)
  22 blink frogs
  A meliai zombie (D:13)
  23 slime creatures
  5 dream sheep (Lair:6)
  12 hippogriffs
  6 spriggans
  3 shadows
  7 wraiths
  7 hogs (D:14)
  8 wyverns
  30 yaks
  6 basilisks
  A tyrant leech zombie (Swamp:3)
  4 hungry ghosts
  2 steam dragons (Lair:6)
  21 vampire mosquitoes
  5 insubstantial wisps (Swamp:3)
  Edmund (D:6)
  A naga (Lair:2)
  13 swamp worms
  3 wargs
  2 soldier ants
  5 hell hounds (Lair:6)
  A large abomination (Swamp:3)
  11 water moccasins
  16 porcupines
  Duvessa (D:4)
  5 spiny frog zombies (Swamp:3)
  9 swamp drakes
  A sky beast (D:7)
  A phantom (D:10)
  3 black bears
  2 necrophages
  2 eyes of draining
  23 orc warriors
  13 ogres
  20 wolves
  7 centaurs
  A big kobold (D:13)
  11 crocodiles
  24 bullfrogs
  2 wyvern zombies
  A water moccasin zombie (D:6)
  Dowan (D:4)
  4 scorpions
  A spriggan zombie (Swamp:3)
  4 troll zombies (Swamp:3)
  9 killer bees
  3 wights (D:9)
  3 electric eels
  9 crimson imps
  5 lava snakes (Lair:6)
  A howler monkey (D:14)
  3 centaur zombies
  6 jellies
  2 quasits
  6 hounds
  5 bullfrog skeletons
  22 orc priests
  23 orc wizards
  Jessica (D:14)
  4 iguanas
  14 worker ants
  2 hound skeletons
  4 worker ant zombies
  4 gnolls
  A howler monkey skeleton (D:6)
  19 adders
  4 shadow imps
  An adder zombie (D:5)
  An adder skeleton (D:7)
  2 ball lightnings (Swamp:3)
  A dart slug (D:1)
  10 leopard geckos
  68 orcs
  20 giant cockroaches
  9 goblins
  6 hobgoblins
  19 jackals
  8 kobolds
  7 quokkas
  6 bats
  3 frilled lizards
  A jackal skeleton (D:5)
  A jackal zombie (D:6)
  A leopard gecko zombie (D:5)
  A quokka skeleton (D:4)
  8 rats
  9 fungi
  A plant (Lair:6)
930 creatures vanquished.

Vanquished Creatures (others)
  A bog body (Swamp:3)
  3 ball lightnings (Swamp:3)
  10 fungi (Lair:6)
  3 plants (Lair:6)
  6 withered plants (Swamp:3)
23 creatures vanquished.

Grand Total: 953 creatures vanquished

Notes
Turn   | Place    | Note
-------+----------+-------------------------------------------
     0 | D:1      | asdasd2 the Minotaur Fighter began the quest for the Orb.
     0 | D:1      | Reached XP level 1. HP: 19/19 MP: 0/0
   133 | D:1      | Reached skill level 4 in Fighting
   227 | D:1      | Reached XP level 2. HP: 27/27 MP: 1/1
   558 | D:2      | Reached XP level 3. HP: 34/34 MP: 2/2
   655 | D:1      | HP: 1/34 [poisoned by a gnoll]
  1224 | D:2      | Reached XP level 4. HP: 41/41 MP: 3/3
  1324 | D:2      | Found a sacrificial altar of Ru.
  1442 | D:2      | Reached skill level 1 in Dodging
  1472 | D:2      | Reached skill level 5 in Fighting
  1489 | D:2      | HP: 2/42 [poisoned by an adder]
  1496 | D:2      | HP: 1/42 [poisoned by an adder]
  2009 | D:3      | Reached XP level 5. HP: 48/48 MP: 4/4
  2065 | D:3      | Found a faded altar of an unknown god.
  2155 | D:3      | Found a hazy altar of Hepliaklqana.
  2279 | D:3      | Found a bloodstained altar of Trog.
  2294 | D:3      | Found a shimmering altar of Xom.
  2295 | D:3      | Found a sparkling altar of Nemelex Xobeh.
  2395 | D:3      | Found a blossoming altar of Fedhas.
  2924 | D:4      | Reached skill level 5 in Armour
  3022 | D:4      | Reached skill level 5 in Axes
  3022 | D:4      | Reached XP level 6. HP: 47/56 MP: 5/5
  3079 | D:4      | Noticed Duvessa
  3079 | D:4      | Noticed Dowan
  3090 | D:4      | Killed Duvessa
  3098 | D:4      | Killed Dowan
  3665 | D:4      | Found a staircase to the Ecumenical Temple.
  3690 | Temple   | Entered the Ecumenical Temple
  3717 | Temple   | Became a worshipper of Warmaster Okawaru
  3786 | D:4      | Reached XP level 7. HP: 62/62 MP: 6/6
  3790 | D:4      | Reached skill level 6 in Fighting
  3897 | D:4      | Found a deep blue altar of Sif Muna.
  4129 | D:5      | Entered Level 5 of the Dungeon
  4153 | D:5      | Reached * piety under Okawaru
  4260 | D:5      | Found a shattered altar of Ashenzari.
  4380 | D:5      | Found a shadowy altar of Dithmenos.
  4507 | D:5      | Reached XP level 8. HP: 38/71 MP: 7/7
  4664 | D:5      | Found a stormy altar of Qazlal.
  4994 | D:6      | Reached skill level 7 in Fighting
  5012 | D:6      | Noticed Edmund
  5031 | D:6      | Killed Edmund
  5377 | D:6      | Got a wavering bronze ring
  5380 | D:6      | Identified the ring of the Demon Prince {rPois Int+2 Dex+3 Stlth+} (You found it on level 6 of the Dungeon)
  5474 | D:6      | Reached ** piety under Okawaru
  5759 | D:6      | Reached skill level 8 in Fighting
  6010 | D:7      | Reached XP level 9. HP: 53/82 MP: 8/8
  6147 | D:7      | Reached skill level 10 in Axes
  6157 | D:7      | Reached skill level 13 in Fighting
  6157 | D:7      | Reached XP level 10. HP: 79/101 MP: 9/9
  6199 | D:7      | Reached *** piety under Okawaru
  6387 | D:7      | Found a glowing silver altar of Zin.
  6979 | D:8      | Noticed murphy's ghost (amateur DDFi)
  6986 | D:8      | Killed murphy's ghost
  7156 | D:9      | Found a hide-covered altar of Uskayaw.
  7308 | D:9      | Reached skill level 14 in Fighting
  7584 | D:9      | Found a staircase to the Orcish Mines.
  7658 | D:10     | Entered Level 10 of the Dungeon
  7760 | D:10     | Reached **** piety under Okawaru
  7787 | D:10     | Noticed a gargoyle
  7794 | D:10     | Killed a gargoyle
  7839 | D:10     | Reached XP level 11. HP: 102/110 MP: 10/10
  7857 | D:10     | Noticed a two-headed ogre
  7862 | D:10     | Killed a two-headed ogre
  7879 | D:10     | Found a shimmering altar of Xom.
  8195 | D:10     | Reached ***** piety under Okawaru
  8267 | D:11     | Found a portal to a secret trove of treasure.
  8270 | D:11     | Found a staircase to the Lair.
  8497 | D:11     | Noticed a white ugly thing
  8577 | D:11     | Received a gift from Okawaru
  8695 | D:11     | Reached skill level 15 in Fighting
  8887 | D:11     | Noticed a cyan ugly thing
  8891 | D:11     | Killed a cyan ugly thing
  8906 | D:11     | Killed a white ugly thing
  8906 | D:11     | Received a gift from Okawaru
  9465 | D:12     | Noticed a two-headed ogre
  9480 | D:12     | Killed a two-headed ogre
  9480 | D:12     | Reached XP level 12. HP: 74/121 MP: 11/11
  9691 | D:12     | Reached skill level 15 in Axes
  9850 | D:12     | Received a gift from Okawaru
  9853 | D:12     | Got an iridescent battleaxe {god gift}
  9862 | D:12     | Noticed Nessos
 10285 | D:12     | Noticed Nicoed's ghost (journeyman OpEE)
 10296 | D:12     | Killed Nicoed's ghost
 10296 | D:12     | Reached skill level 16 in Fighting
 10296 | D:12     | Reached skill level 10 in Armour
 10968 | D:12     | Killed Nessos
 10968 | D:12     | Reached skill level 1 in Invocations
 11522 | D:13     | Noticed Sonja
 11555 | D:13     | Killed Sonja
 11785 | D:13     | Noticed a centaur warrior
 11802 | D:13     | Reached ****** piety under Okawaru
 11821 | D:13     | Killed a centaur warrior
 11969 | D:13     | Noticed an eight-headed hydra
 12395 | D:13     | Received a gift from Okawaru
 12398 | D:13     | Got a steaming scarf {god gift}
 12409 | D:13     | Identified the scarf of Cata {rF+} (Okawaru gifted it to you on level 13 of the Dungeon)
 12448 | D:13     | Killed a three-headed hydra
 12448 | D:13     | Reached XP level 13. HP: 103/130 MP: 11/13
 12450 | D:13     | Identified the +1 battleaxe "Tiyrchakk" {venom, +Inv Str+3 Int-2} (Okawaru gifted it to you on level 12 of the Dungeon)
 12501 | D:13     | Noticed Frances
 12514 | D:13     | Killed Frances
 12734 | D:14     | Reached skill level 17 in Fighting
 13241 | D:14     | Found a burning altar of Makhleb.
 13241 | D:14     | Noticed a blizzard demon
 13474 | D:14     | Noticed Jessica
 13968 | D:14     | Noticed Agnes
 13983 | D:14     | Killed Agnes
 14363 | D:14     | Found a gate to the Vaults.
 14671 | D:14     | Noticed Kirke
 15175 | Lair:1   | Entered Level 1 of the Lair of Beasts
 15532 | Lair:1   | Reached skill level 18 in Fighting
 15617 | Lair:1   | You fall through a shaft!
 15633 | Lair:2   | Found a staircase to the Snake Pit.
 15813 | Lair:2   | Noticed Fannar
 15825 | Lair:2   | Killed Fannar
 16103 | Lair:2   | Received a gift from Okawaru
 16344 | Lair:2   | Reached XP level 14. HP: 143/143 MP: 14/14
 16686 | Lair:3   | You fall through a shaft for 3 floors!
 16686 | Lair:6   | Entered Level 6 of the Lair of Beasts
 17543 | Lair:3   | Noticed armaa's ghost (journeyman OpTm)
 17554 | Lair:3   | Killed armaa's ghost
 17794 | Lair:3   | Found a staircase to the Swamp.
 18195 | Lair:4   | Received a gift from Okawaru
 18452 | Lair:4   | Reached skill level 19 in Fighting
 20034 | Lair:6   | Received a gift from Okawaru
 20511 | Lair:6   | Reached XP level 15. HP: 83/155 MP: 15/15
 20721 | Lair:6   | Found a large runed door.
 20722 | Lair:6   | Found a large runed door.
 20800 | Lair:6   | Reached skill level 20 in Fighting
 20993 | Lair:6   | Received a gift from Okawaru
 21050 | Lair:6   | Found a viscous altar of Jiyva.
 21051 | Lair:6   | Found a staircase to the Slime Pits.
 22352 | Orc:1    | Entered Level 1 of the Orcish Mines
 22390 | Orc:1    | Found Meexzyrgh's Food Emporium.
 22798 | Orc:1    | Paralysed by an orc sorcerer for 5 turns
 23234 | Orc:2    | Entered Level 2 of the Orcish Mines
 23236 | Orc:2    | Found Jexzol's Jewellery Shoppe.
 23262 | Orc:2    | Bought the ring "Licyawefi" {*Slow +Blink rF+ rC+ Str+6} for 795 gold pieces
 23595 | Orc:2    | Found a staircase to the Elven Halls.
 24120 | Orc:2    | Reached skill level 21 in Fighting
 24161 | Orc:2    | Found Lisaijod's General Store.
 24161 | Orc:2    | Found Nenifea's Assorted Antiques.
 24168 | Orc:2    | Received a gift from Okawaru
 24355 | Orc:2    | Found Kunia's Distillery.
 24355 | Orc:2    | Found Rexuz's General Store.
 24363 | Orc:2    | Bought a potion of curing for 36 gold pieces
 24365 | Orc:2    | Bought a potion of might for 64 gold pieces
 24365 | Orc:2    | Bought a potion of might for 64 gold pieces
 24365 | Orc:2    | Bought a potion of mutation for 128 gold pieces
 24365 | Orc:2    | Bought a potion of berserk rage for 80 gold pieces
 24365 | Orc:2    | Bought a potion of berserk rage for 80 gold pieces
 24365 | Orc:2    | Bought a potion of haste for 160 gold pieces
 24365 | Orc:2    | Bought a potion of haste for 160 gold pieces
 24365 | Orc:2    | Bought a potion of resistance for 160 gold pieces
 24365 | Orc:2    | Bought a potion of haste for 160 gold pieces
 24365 | Orc:2    | Bought a potion of cancellation for 128 gold pieces
 24373 | Orc:2    | Bought a potion of resistance for 120 gold pieces
 24375 | Orc:2    | Bought a potion of heal wounds for 135 gold pieces
 24375 | Orc:2    | Bought a scroll of identify for 54 gold pieces
 24671 | D:14     | Killed Kirke
 24797 | D:14     | Killed Jessica
 24803 | D:14     | Found a deep blue altar of Sif Muna.
 24829 | D:15     | Entered Level 15 of the Dungeon
 25222 | D:15     | Found a staircase to the Depths.
 25223 | D:15     | Noticed a fire giant
 25247 | D:15     | Killed a fire giant
 25529 | D:15     | Received a gift from Okawaru
 25723 | D:15     | Reached XP level 16. HP: 131/167 MP: 16/16
 25846 | D:15     | Found Bourazea's Antique Armour Boutique.
 26324 | Swamp:1  | Entered Level 1 of the Swamp
 26709 | Swamp:1  | You fall through a shaft!
 26735 | Swamp:2  | Noticed Roxanne
 27451 | Swamp:3  | Received a gift from Okawaru
 27488 | Swamp:3  | Reached skill level 22 in Fighting
 27547 | Swamp:3  | Reached skill level 15 in Armour
 28414 | Swamp:3  | Noticed Inarius's ghost (adept DrAE)
 28454 | Swamp:3  | Killed Inarius's ghost
 28464 | Swamp:3  | Got an encrusted battleaxe {chop}
 28465 | Swamp:3  | Identified the +3 battleaxe of the Wraith {chop, rF+ Dex+4} (You took it off a necromancer on level 3 of the Swamp)
 28928 | Swamp:3  | Found an iron altar of Okawaru.
 29414 | Swamp:4  | Entered Level 4 of the Swamp
 29628 | Swamp:4  | Noticed a thorn hunter
 30044 | Swamp:4  | Killed a thorn hunter
 30241 | Swamp:4  | Received a gift from Okawaru
 30257 | Swamp:4  | Noticed a thorn hunter
 30507 | Swamp:4  | Killed a thorn hunter
 30869 | Swamp:4  | Reached XP level 17. HP: 178/178 MP: 17/17
 31124 | Swamp:4  | Reached skill level 23 in Fighting
 31216 | Swamp:4  | Noticed the 27-headed Lernaean hydra
 31230 | Swamp:4  | Got a decaying rune of Zot
 31319 | Swamp:4  | HP: 5/179 [the 26-headed Lernaean hydra (10)]
 31319 | Swamp:4  | HP: 2/179 [the 26-headed Lernaean hydra (2)]
 31319 | Swamp:4  | Mangled by the 26-headed Lernaean hydra

Skill      XL: |  1  2  3  4  5  6  7  8  9 10 11 12 13 14 15 16 17 |
---------------+----------------------------------------------------+-----
Fighting       | 4 5 6 8 13 14 15 16 18 19 21 22 23 | 23.0
Armour         | 4 5 6 7 8 9 10 12 13 14 15 | 15.7
Axes           | 3 5 6 7 9 12 13 14 16 17 18 19 20 | 20.2
Dodging        | 1 2 3 4 |  4.2
Invocations    | 1 2 |  2.6
Shields        | |  3.6

Action                   |  1- 3 |  4- 6 |  7- 9 | 10-12 | 13-15 | 16-18 || total
-------------------------+-------+-------+-------+-------+-------+-------++-------
Melee: War axe           |    91 |   200 |   176 |   576 |       |       ||  1043
       Headbutt          |    15 |    29 |    31 |   140 |   286 |   210 ||   711
       Scimitar          |       |       |       |     5 |    28 |    23 ||    56
       Broad axe         |       |       |       |       |  1071 |   479 ||  1550
       Unarmed           |       |       |       |       |     2 |       ||     2
       Battleaxe         |       |       |       |       |       |   143 ||   143
       Punch             |       |       |       |       |       |     1 ||     1
Invok: Heroism           |       |       |       |     2 |     3 |     1 ||     6
       Finesse           |       |       |       |     2 |     1 |       ||     3
  Use: Scroll            |       |    13 |     5 |    11 |    12 |     8 ||    49
       Potion            |       |       |     2 |     2 |     6 |     3 ||    13
 Stab: Confused          |       |       |       |       |       |     1 ||     1
  Eat: Chunk             |       |     8 |     4 |    10 |    15 |       ||    37
       Fruit             |       |     6 |       |     4 |    33 |       ||    43
       Royal jelly       |       |       |       |     6 |     1 |    13 ||    20
Armor: Scale mail        |    54 |   108 |    40 |       |       |       ||   202
       Plate armour      |       |       |    12 |   276 |   433 |   545 ||  1266
Dodge: Dodged            |    32 |    58 |    37 |   119 |   239 |   262 ||   747
Block: Shield            |    46 |    92 |    63 |   268 |   408 |   236 ||  1113
       Rpst.: Scimitar   |       |       |       |     1 |     3 |     8 ||    12
